 Dungeon Crawl Stone Soup version 0.29.1-2-gbd0b4ee654 (webtiles) character file.

Game seed: 13188414591326875004

228098 Icepheonix32 the Slayer (level 18, -34/184 HPs)
             Began as a Minotaur Fighter on Oct 27, 2022.
             Was a High Priest of Okawaru.
             Killed from afar by an ironbound thunderhulk (39 damage)
             ... with a bolt of lightning
             ... on level 1 of the Vaults.
             The game lasted 01:04:56 (41031 turns).

Icepheonix32 the Slayer (Minotaur Fighter)         Turns: 41031, Time: 01:04:56

Health: -34/184    AC: 56    Str: 31    XL:     18   Next: 69%
Magic:  25/25      EV:  9    Int:  9    God:    Okawaru [*****.]
Gold:   2360       SH: 28    Dex: 20    Spells: 17/17 levels left

rFire   + . .      SeeInvis .   H - +6 flail "Aciecey" {spect, rN+ Str+4}
rCold   . . .      Faith    +   k - +7 tower shield of Gyny {Rampage rC+ Will+ Dex+3}
rNeg    + + .      Spirit   .   W - +13 crystal plate armour of Surprise {rF+ rC- rN+ Will+}
rPois   .          Reflect  .   (helmet restricted)
rElec   .          Harm     .   o - +2 cloak {Will+}
rCorr   .          Rampage  +   l - +2 pair of gloves {Dex+3}
Will    ++++.                   g - +2 pair of boots
Stlth   ..........              r - amulet of faith
HPRegen 0.40/turn               J - ring of the Tortoise {AC+8}
MPRegen 0.19/turn               U - +6 ring of strength

@: studying Shields
A: horns 2, retaliatory headbutt, iridescent scales 1, mutation resistance 1
}: 1/15 runes: decaying
a: Renounce Religion, Heroism, Finesse, Duel


You were on level 1 of the Vaults.
You worshipped Okawaru.
Okawaru was extremely pleased with you.
You visited 6 branches of the dungeon, and saw 28 of its levels.
You also visited: Sewer, Bailey, Gauntlet and Wizlab.

You collected 3242 gold pieces.
You spent 882 gold pieces at shops.

Inventory:

Hand Weapons
 u - a +7 flail of electrocution
 A - a +2 dire flail of holy wrath
 H - the +6 flail "Aciecey" (weapon) {spect, rN+ Str+4}
   (You found it on level 6 of the Dungeon)

   When its wielder attacks, the weapon's spirit leaps out and strikes again.
   The spirit shares a part of any damage it takes with its wielder.
   Str:       It affects your strength (+4).
   rN:        It protects you from negative energy.
 M - a +6 war axe of flaming
 P - the +11 mace of Descent {flame, rF+ Str+2}
   (You found it on level 11 of the Dungeon)

   It burns those it strikes, dealing additional fire damage.
   Str:       It affects your strength (+2).
   rF:        It protects you from fire.
Missiles
 S - 7 curare-tipped darts (quivered)
 X - 11 javelins
 Z - 2 silver javelins
Armour
 c - the +2 buckler of the Jackalope {rF+ rC+ Int+2 SInv}
   (Okawaru gifted it to you on level 1 of the Swamp)

   Int:       It affects your intelligence (+2).
   rF:        It protects you from fire.
   rC:        It protects you from cold.
   SInv:      It lets you see invisible.
 g - a +2 pair of boots (worn)
 k - the +7 tower shield of Gyny (worn) {Rampage rC+ Will+ Dex+3}
   (Okawaru gifted it to you on level 4 of the Swamp)

   Dex:       It affects your dexterity (+3).
   rC:        It protects you from cold.
   Rampage:   It bestows one free step when moving towards enemies.
   Will:      It increases your willpower.
 l - a +2 pair of gloves of dexterity (worn)
 m - the +3 scale mail "Butyeck" {Str+4}
   (You found it on level 4 of the Dungeon)

   Str:       It affects your strength (+4).
 o - a +2 cloak of willpower (worn)
 y - +0 ice dragon scales
 W - the +13 crystal plate armour of Surprise (worn) {rF+ rC- rN+ Will+}
   (Okawaru gifted it to you on level 1 of the Vaults)

   rF:        It protects you from fire.
   rC:        It makes you vulnerable to cold.
   rN:        It protects you from negative energy.
   Will:      It increases your willpower.
Jewellery
 d - a ring of flight
 f - a ring of poison resistance
 r - an amulet of faith (around neck)
 v - the ring of Sarphu Muig {rN+ Will+ Dex+4 Stlth+}
   (You found it on level 5 of the Lair of Beasts)

   [ring of positive energy]

   Dex:       It affects your dexterity (+4).
   rN:        It protects you from negative energy.
   Will:      It increases your willpower.
   Stlth:     It makes you more stealthy.
 J - the ring of the Tortoise (left hand) {AC+8}
   (You found it on level 3 of the Lair of Beasts)

   [ring of protection]

   AC:        It affects your AC (+8).
 Q - the ring "Rucla" {Wiz rC+ MP+9 Str+2}
   (You found it in a Gauntlet)

   [ring of wizardry]

   It improves your spell success rate.
   Str:       It affects your strength (+2).
   rC:        It protects you from cold.
   MP:        It affects your magic capacity (+9).
 R - a +6 ring of intelligence
 U - a +6 ring of strength (right hand)
 V - an amulet of reflection
 Y - a ring of protection from fire
Wands
 w - a wand of quicksilver (15)
 z - a wand of mindburst (63)
 B - a wand of flame (42)
 K - a wand of digging (14)
 T - a wand of iceblast (25)
Scrolls
 a - 5 scrolls of blinking
 h - 12 scrolls of identify
 j - 3 scrolls of enchant armour
 s - 2 scrolls of fear
 t - 4 scrolls of teleportation
 E - 2 scrolls of poison
Potions
 b - 4 potions of invisibility
 e - 4 potions of resistance
 i - 8 potions of curing
 n - 4 potions of attraction
 p - 5 potions of flight
 x - 3 potions of heal wounds
 C - a potion of haste
 D - 9 potions of lignification
 F - 2 potions of mutation
 G - 2 potions of cancellation
 I - 2 potions of berserk rage
 L - 8 potions of might
Miscellaneous
 q - a tin of tremorstones (2/2)
 N - a condenser vane
 O - a lightning rod (4/4)


   Skills:
 + Level 22.1 Fighting
 - Level 3.7(13.2) Axes
 + Level 19.4(19.5) Maces & Flails
 + Level 6.5 Throwing
 * Level 13.5 Armour
 + Level 8.1 Dodging
 + Level 5.9 Stealth
 + Level 15.6 Shields
 * Level 11.0 Invocations
 * Level 6.2 Evocations


You had 17 spell levels left.
You didn't know any spells.
Your spell library contained the following spells:

 Spells                   Type           Power      Damage    Failure   Level
 Apportation              Tloc           0%         N/A       100%        1
 Freeze                   Ice            0%         1d3       100%        1
 Magic Dart               Conj           0%         1d3       100%        1
 Necrotise                Necr           0%         1d4       100%        1
 Searing Ray              Conj           0%         2d4       100%        2
 Static Discharge         Conj/Air       0%         3-3/arc   100%        2
 Sublimation of Blood     Necr           0%         N/A       100%        2
 Wereblood                Tmut           0%         N/A       100%        2
 Frozen Ramparts          Ice            0%         1d1       100%        3
 Fulminant Prism          Conj/Hex       0%         3d6       100%        4
 Hailstorm                Conj/Ice       0%         3d3       100%        4
 Blade Hands              Tmut           0%         N/A       100%        5
 Lightning Bolt           Conj/Air       0%         1d11      100%        5
 Eringya's Noxious Bog    Tmut/Pois      0%         N/A       100%        6
 Iron Shot                Conj/Erth      0%         9d1       100%        6
 Storm Form               Tmut/Air       0%         N/A       100%        7
 Maxwell's Capacitive Co  Air            0%         ∞         100%        8
 Summon Small Mammal      Summ           Unusable   N/A       N/A         1
 Animate Armour           Summ/Erth      Unusable   N/A       N/A         4
 Summon Lightning Spire   Summ/Air       Unusable   N/A       N/A         4
 Summon Forest            Summ/Tloc      Unusable   N/A       N/A         5
 Summon Mana Viper        Hex/Summ       Unusable   N/A       N/A         5
 Summon Cactus Giant      Summ           Unusable   N/A       N/A         6
 Summon Hydra             Summ           Unusable   N/A       N/A         7

Dungeon Overview and Level Annotations

Branches:
Dungeon (15/15)            Temple (1/1) D:7            Lair (5/5) D:9
  Swamp (4/4) Lair:3        Snake (0/4) Lair:3        Slime (0/5) Lair:5
    Orc (2/2) D:11            Elf (0/3) Orc:2        Vaults (1/5) D:14
 Depths (0/4) D:15          Sewer (visited)          Bailey (visited)
 WizLab (visited)         Gauntlet (visited)

Altars:
Ashenzari
Cheibriados
Dithmenos
Elyvilon
Fedhas
Gozag
Hepliaklqana
Kikubaaqudgha
Makhleb
Nemelex Xobeh
Okawaru
Qazlal
Ru
Sif Muna
Trog
Uskayaw
Vehumet
Wu Jian
Xom
Yredelemnul
Zin
The Shining One

Shops:
D:8 [   D:15 [:[   Orc:2 ?!([   Vaults:1 ?

Portals:
Trove: D:15 (give +4 fire dragon scales)


Innate Abilities, Weirdness & Mutations

You have a pair of horns on your head.
You reflexively headbutt those who attack you in melee.
You are partially covered in iridescent scales. (AC +2)
You are somewhat resistant to further mutation.


Message History

The bolt of lightning hits you!!!
The entropy weaver hits you but does no damage.
You block the entropy weaver's attack. x3
Unknown command.
You thump the entropy weaver!
The entropy weaver is almost dead.
Your +6 flail "Aciecey" {spect, rN+ Str+4} closely misses the entropy weaver.
The ironbound preserver casts a spell.
The ironbound preserver begins to accept its allies' injuries.
Electricity crackles from the ironbound thunderhulk's apparatus.
The bolt of lightning hits you!!!
Electricity crackles from the ironbound thunderhulk's apparatus.
The bolt of lightning misses you.
You block the entropy weaver's attack. x3
The entropy weaver hits you but does no damage.
You bludgeon the entropy weaver!!
You kill the entropy weaver!
Okawaru accepts your kill.
Electricity crackles from the ironbound thunderhulk's apparatus.
The bolt of lightning misses you.
Electricity crackles from the ironbound thunderhulk's apparatus.
The bolt of lightning hits you!!
* * * LOW HITPOINT WARNING * * *
You sock the ironbound preserver! You headbutt the ironbound preserver!
The ironbound preserver is lightly wounded.
Your +6 flail "Aciecey" {spect, rN+ Str+4} closely misses the ironbound preserver.
You block the ironbound preserver's attack.
Strange energies crackle from the ironbound thunderhulk's apparatus.
The ironbound thunderhulk blinks!
Electricity crackles from the ironbound thunderhulk's apparatus.
The bolt of lightning hits you!
* * * LOW HITPOINT WARNING * * *
You hit the ironbound preserver but do no damage.
The ironbound preserver is lightly wounded.
Your +6 flail "Aciecey" {spect, rN+ Str+4} hits the ironbound preserver.
Electricity crackles from the ironbound thunderhulk's apparatus.
The bolt of lightning hits you!!!
* * * LOW HITPOINT WARNING * * *
Electricity crackles from the ironbound thunderhulk's apparatus.
The bolt of lightning hits you!!!
You die...

..........'..............#..#....
'#########################..#....
.# ########..#.#.# .#
#......#..#..∩. )#
#....O.#..#.#.# .#
####......#..##..# .#
#####*#..#§.....#....... .#
#..O.p#§.'......'....... .#
#....kp@.#......#....... ##
#.....#(.########.......
#....,#..# #....... #..#+*####
#....... #.,*,,,>* #.......
#,,*,,,>* #....... *********
########


You could see 2 ironbound preservers, 2 ironbound thunderhulks, a lindwurm
(sheltered) and a friendly +6 flail "Aciecey" {spect, rN+ Str+4} (summoned).

Vanquished Creatures
  Mara (Swamp:4)
  A royal mummy (Arena)
  Nikola (Vaults:1)
  Jorgrun (Swamp:2)
  Mlioglotl (Swamp:4)
  Kirke (Swamp:2)
  3 fenstrider witches
  A vault warden (Vaults:1)
  3 ghouls (Swamp:4)
  Louise (Swamp:3)
  An orc warlord (Vaults:1)
  A juggernaut zombie (WizLab)
  3 ironbound preservers (Vaults:1)
  2 ironbound thunderhulks (Vaults:1)
  A very ugly thing (D:15)
  5 eleionomae
  4 dire elephants (Lair:5)
  An entropy weaver (Vaults:1)
  A minotaur (Gauntlet)
  3 bunyips
  Snorg (Orc:2)
  3 fire dragons (Swamp:4)
  A mummy priest (Arena)
  2 yaktaur captains (Vaults:1)
  Josephine (D:10)
  The ghost of MaxHasHax6295 the Protected, a journeyman MiBe of Trog (Orc:1)
  A shambling mangrove (Swamp:1)
  A great orb of eyes (Vaults:1)
  A rakshasa (D:15)
  16 hydras
  A catoblepas (Gauntlet)
  8 vault guards (D:14)
  A boulder beetle (D:11)
  An ice dragon (D:13)
  An ogre mage (D:15)
  7 centaur warriors
  12 alligators
  5 two-headed ogres
  2 ghost crabs
  3 death yaks (Lair:5)
  An orc high priest (Orc:2)
  A tengu warrior (D:13)
  Urug (Orc:2)
  A storm dragon zombie (WizLab)
  Sonja (D:12)
  A sun demon (D:15)
  2 spectral death yaks (Lair:5)
  A fire crab (Swamp:4)
  13 spriggans
  10 goliath frogs
  The ghost of Orthodox the Fighter, a novice GrFi (D:7)
  4 lindwurms
  A spectral anaconda (Lair:5)
  12 deep trolls (Vaults:1)
  12 swamp dragons
  An obsidian statue (Lair:5)
  A wizard (D:14)
  9 spriggan druids
  A golden dragon zombie (WizLab)
  A glowing orange brain (D:15)
  5 necromancers (Lair:5)
  A shadow dragon zombie (WizLab)
  6 bog bodies
  3 deep elf pyromancers (D:14)
  9 orc knights
  3 ironbound convokers (Vaults:1)
  2 orc sorcerers
  A manticore (D:12)
  A frost giant zombie (WizLab)
  4 cyclopes
  A fire giant zombie (WizLab)
  12 ugly things
  6 will-o-the-wisps
  7 elephants
  5 black mambas
  3 demonspawn zombies (WizLab)
  2 vault sentinels (Vaults:1)
  16 cane toads
  3 gargoyles
  A spriggan zombie (WizLab)
  7 komodo dragons
  8 yaktaurs (Vaults:1)
  2 kobold demonologists (D:13)
  An unseen horror (D:12)
  A freezing wraith (D:14)
  3 guardian mummies (WizLab)
  An ice devil (D:15)
  3 trolls
  A bloated husk (Swamp:3)
  5 polar bears
  8 tyrant leeches
  11 hornets
  8 saltlings (Orc:2)
  9 meliai
  13 blink frogs
  Prince Ribbit (D:7)
  An elf zombie (WizLab)
  An ettin zombie (WizLab)
  15 dream sheep
  25 slime creatures
  A spectral elephant (Lair:5)
  A ynoxinul (Gauntlet)
  The ghost of Rangus the Digger, an amateur GrEE of Sif Muna (D:4)
  7 wraiths
  A shadow (D:9)
  Sigmund (D:5)
  6 hogs (Swamp:2)
  6 wyverns
  A centaur simulacrum (D:14)
  A human (Swamp:2)
  A vampire (D:13)
  24 yaks
  6 basilisks
  3 steam dragons
  3 death yak simulacra (Lair:5)
  A redback (shapeshifter) (D:15)
  2 spectral cane toads (Lair:5)
  13 swamp worms
  9 vampire mosquitoes
  A warg (Orc:2)
  Edmund (D:4)
  A glowing shapeshifter zombie (WizLab)
  Menkaure (D:5)
  3 acid dragons
  12 water moccasins
  15 swamp drakes
  22 orc warriors
  A sky beast (D:7)
  A black bear (D:7)
  2 ice beasts
  23 wolves
  3 boggarts (D:14)
  3 centaurs
  An elephant skeleton (Lair:5)
  7 ogres
  6 kobold brigands
  A gnoll sergeant (D:10)
  10 bullfrogs
  4 necrophages
  2 cane toad simulacra (Lair:5)
  2 scorpions
  7 wights
  35 killer bees (D:8)
  An electric eel (D:12)
  5 howler monkeys
  2 lava snakes (Swamp:4)
  4 crimson imps (D:15)
  A bullfrog zombie (D:5)
  A centaur zombie (D:5)
  3 hounds
  A jelly (D:4)
  11 orc priests
  Crazy Yiuf (D:4)
  A gnoll bouda (D:6)
  3 iron imps (Gauntlet)
  3 iguanas
  A scorpion zombie (D:5)
  Ijyb (D:4)
  18 orc wizards
  3 polar bear simulacra (Lair:5)
  2 yak simulacra (Lair:5)
  A wolf simulacrum (Lair:5)
  6 gnolls
  2 howler monkey zombies (D:5)
  12 adders
  A shadow imp (D:6)
  4 white imps (D:15)
  An ufetubus (D:4)
  An adder zombie (D:5)
  2 worms (D:3)
  2 dart slugs (D:3)
  73 orcs
  4 bats
  5 endoplasms
  8 giant cockroaches
  10 goblins
  4 hobgoblins
  10 jackals
  18 kobolds
  8 quokkas
  5 ball pythons
  5 frilled lizards
  5 rats
  5 river rat simulacra (Lair:5)
  A withered plant (Lair:5)
902 creatures vanquished.

Vanquished Creatures (others)
  A goliath frog (Swamp:1)
  A lindwurm (Swamp:4)
  3 bloated husks
  A hornet (Swamp:3)
  A steam dragon (Swamp:4)
  A spectral cane toad (Lair:5)
  A swamp worm (Swamp:1)
  3 swamp drakes (Swamp:4)
  4 demonic plants (Gauntlet)
  22 foxfires
  18 fungi
  40 plants
  27 withered plants
123 creatures vanquished.

Grand Total: 1025 creatures vanquished

Notes
Turn   | Place    | Note
-------+----------+-------------------------------------------
     0 | D:1      | Icepheonix32 the Minotaur Fighter began the quest for the
                  | Orb.
     0 | D:1      | Reached XP level 1. HP: 19/19 MP: 0/0
   443 | D:1      | Found a faded altar of an unknown god.
   623 | D:1      | Reached XP level 2. HP: 27/27 MP: 1/1
   834 | D:2      | Reached skill level 4 in Fighting
   956 | D:2      | Noticed a scorpion
   963 | D:2      | Killed a scorpion
   964 | D:2      | Reached XP level 3. HP: 28/34 MP: 2/2
   964 | D:2      | Reached XP level 4. HP: 34/41 MP: 3/3
  1643 | D:3      | Reached XP level 5. HP: 34/47 MP: 4/4
  1659 | D:3      | Reached skill level 5 in Armour
  2006 | D:3      | Reached skill level 1 in Dodging
  2131 | D:3      | Reached skill level 5 in Fighting
  2465 | D:3      | Reached skill level 1 in Maces & Flails
  2559 | D:4      | Identified the +3 scale mail "Butyeck" {Str+4}
  2586 | D:4      | Reached XP level 6. HP: 51/56 MP: 5/5
  2654 | D:4      | Found a runed translucent door.
  2716 | D:4      | Found a glowing drain.
  2729 | Sewer    | Entered a sewer
  2941 | Sewer    | Reached XP level 7. HP: 58/62 MP: 6/6
  2968 | Sewer    | Found a white marble altar of Elyvilon.
  3173 | D:4      | Noticed Edmund
  3183 | D:4      | Killed Edmund
  3184 | D:4      | Reached skill level 6 in Fighting
  3333 | D:4      | Noticed Ijyb
  3342 | D:4      | Killed Ijyb
  3448 | D:4      | Found a large runed translucent door.
  3449 | D:4      | Found a large runed translucent door.
  3453 | D:4      | Noticed Rangus's ghost (amateur GrEE)
  3519 | D:4      | Noticed Crazy Yiuf
  3598 | D:4      | Killed Rangus's ghost
  3599 | D:4      | Reached skill level 5 in Maces & Flails
  3599 | D:4      | Reached skill level 5 in Shields
  3759 | D:4      | Killed Crazy Yiuf
  3849 | D:5      | Entered Level 5 of the Dungeon
  3962 | D:5      | Reached XP level 8. HP: 66/71 MP: 7/7
  4017 | D:5      | Reached skill level 15 in Fighting
  4017 | D:5      | Reached XP level 9. HP: 100/100 MP: 8/8
  4086 | D:5      | Noticed Sigmund
  4097 | D:5      | Killed Sigmund
  4308 | D:5      | Found a basalt altar of Yredelemnul.
  4570 | D:5      | Noticed Menkaure
  4573 | D:5      | Killed Menkaure
  4858 | D:6      | Found a bloodstained altar of Trog.
  4943 | D:6      | Found a glowing silver altar of Zin.
  5075 | D:6      | Identified the +6 flail "Aciecey" {spect, rN+ Str+4}
  5385 | D:6      | Found a shimmering altar of Xom.
  5635 | D:7      | Found a runed translucent gate.
  5635 | D:7      | Found a runed translucent gate.
  5637 | D:7      | Noticed Orthodox's ghost (novice GrFi)
  5638 | D:7      | Found a runed translucent gate.
  5673 | D:7      | Killed Orthodox's ghost
  5674 | D:7      | Reached XP level 10. HP: 85/107 MP: 9/9
  5772 | D:7      | Found a sparkling altar of Nemelex Xobeh.
  5861 | D:7      | Found a sacrificial altar of Ru.
  6104 | D:7      | Noticed Prince Ribbit
  6112 | D:7      | Killed Prince Ribbit
  6211 | D:7      | Found a staircase to the Ecumenical Temple.
  6222 | Temple   | Entered the Ecumenical Temple
  6468 | Temple   | Became a worshipper of Warmaster Okawaru
  6990 | D:8      | Found Maptoimu's Antique Armour Shop.
  7046 | D:8      | Reached skill level 16 in Fighting
  7073 | D:8      | Reached skill level 1 in Invocations
  7073 | D:8      | Reached * piety under Okawaru
  8035 | D:8      | You are sucked into a shaft and drop 3 floors!
  8042 | D:11     | Identified the +5 short sword of Doom {vorpal, Will++
                  | Int+2}
  8063 | D:10     | Entered Level 10 of the Dungeon
  8264 | D:9      | Identified the +7 long sword "Veit" {spect, rF+}
  8285 | D:9      | Reached ** piety under Okawaru
  8394 | D:9      | Found a flagged portal.
  8409 | Bailey   | Entered a bailey
  8842 | Bailey   | Reached skill level 10 in Maces & Flails
  8842 | Bailey   | Reached XP level 11. HP: 58/114 MP: 11/11
  9264 | Bailey   | Noticed an orc knight
  9272 | Bailey   | Killed an orc knight
  9277 | Bailey   | Reached skill level 1 in Stealth
  9457 | D:9      | Found an ornate altar of the Wu Jian Council.
  9560 | D:9      | Found a staircase to the Lair.
  9567 | D:9      | Reached *** piety under Okawaru
  9657 | D:9      | Found a shadowy altar of Dithmenos.
  9657 | D:9      | Found a burning altar of Makhleb.
 10295 | D:10     | Found a hide-covered altar of Uskayaw.
 10338 | D:10     | Noticed Josephine
 10347 | D:10     | Killed Josephine
 10347 | D:10     | Reached **** piety under Okawaru
 10552 | D:10     | Found a hazy altar of Hepliaklqana.
 10829 | D:11     | Found a staircase to the Orcish Mines.
 11246 | D:11     | Noticed a boulder beetle
 11253 | D:11     | Killed a boulder beetle
 11267 | D:11     | Identified the +11 mace of Descent {flame, rF+ Str+2}
 11279 | D:11     | Noticed a two-headed ogre
 11283 | D:11     | Killed a two-headed ogre
 12035 | D:11     | Reached ***** piety under Okawaru
 12780 | D:12     | Noticed a four-headed hydra
 12787 | D:12     | Killed a four-headed hydra
 13192 | D:12     | Reached XP level 12. HP: 106/124 MP: 14/14
 13855 | D:12     | Noticed Sonja
 13868 | D:12     | Killed Sonja
 14300 | D:12     | Received a gift from Okawaru
 14324 | D:12     | Reached skill level 5 in Invocations
 15029 | D:12     | Reached skill level 17 in Fighting
 15296 | D:13     | Noticed a two-headed ogre
 15307 | D:13     | Killed a two-headed ogre
 15309 | D:13     | Noticed a tengu warrior
 15741 | D:13     | Reached ****** piety under Okawaru
 15742 | D:13     | Reached skill level 10 in Armour
 15755 | D:13     | Killed a tengu warrior
 16064 | D:13     | Noticed a centaur warrior
 16071 | D:13     | Killed a centaur warrior
 16227 | D:14     | Noticed an ice dragon
 16239 | D:13     | Killed an ice dragon
 16239 | D:13     | Received a gift from Okawaru
 16863 | D:14     | Noticed a vault guard
 16863 | D:14     | Noticed a vault guard
 16863 | D:14     | Noticed a vault guard
 16864 | D:14     | Found a gate to the Vaults.
 16864 | D:14     | Noticed a vault guard
 16864 | D:14     | Noticed a vault guard
 16864 | D:14     | Noticed a vault guard
 16864 | D:14     | Noticed a vault guard
 16866 | D:14     | Noticed a vault guard
 16871 | D:14     | Killed a vault guard
 16875 | D:14     | Killed a vault guard
 16880 | D:14     | Killed a vault guard
 16881 | D:14     | Reached XP level 13. HP: 134/134 MP: 16/16
 16884 | D:14     | Received a gift from Okawaru
 17058 | D:14     | Reached skill level 18 in Fighting
 17537 | D:15     | Entered Level 15 of the Dungeon
 17537 | D:15     | Found Kexzoaj's Armour Shoppe.
 17790 | D:15     | Found Bieskof's Armour Emporium.
 18262 | D:15     | Identified the +1 ring mail of Pandemonium {+Inv Dex+5
                  | Stlth-} (Okawaru gifted it to you on level 15 of the
                  | Dungeon)
 18262 | D:15     | Received a gift from Okawaru
 18263 | D:15     | Reached skill level 15 in Maces & Flails
 18301 | D:15     | Found a portal to a secret trove of treasure.
 18856 | D:15     | Noticed a red very ugly thing
 18867 | D:15     | Killed a cyan very ugly thing
 19356 | D:15     | Found a staircase to the Depths.
 19782 | D:15     | Paralysed by an ogre mage for 2 turns
 19793 | D:15     | Reached skill level 5 in Dodging
 19858 | D:15     | Found Dib Ybufe's Book Boutique.
 20307 | Lair:1   | Entered Level 1 of the Lair of Beasts
 20313 | Lair:1   | Received a gift from Okawaru
 20471 | Lair:1   | Found a gate leading to a gauntlet.
 20492 | Gauntlet | Entered a Gauntlet
 20492 | Gauntlet | Found a transporter.
 20492 | Gauntlet | Found a transporter.
 20493 | Gauntlet | Found a transporter.
 20495 | Gauntlet | Found a transporter.
 20495 | Gauntlet | Found a transporter.
 20497 | Gauntlet | Found a transporter.
 20504 | Gauntlet | Found a transporter.
 20505 | Gauntlet | Found a transporter.
 20507 | Gauntlet | Found a transporter.
 20508 | Gauntlet | Found a transporter.
 20519 | Gauntlet | Found a transporter.
 20519 | Gauntlet | Found a transporter.
 20907 | Gauntlet | Reached XP level 14. HP: 143/144 MP: 18/18
 21258 | Gauntlet | Identified the ring "Rucla" {Wiz rC+ MP+9 Str+2}
 21352 | Gauntlet | Reached skill level 19 in Fighting
 21763 | Lair:1   | Received a gift from Okawaru
 21802 | Lair:1   | Reached skill level 1 in Throwing
 22372 | D:15     | Bought a +0 pair of gloves of dexterity for 172 gold pieces
 22554 | Lair:2   | You fall into a shaft and drop 2 floors!
 22610 | Lair:3   | Found a staircase to the Snake Pit.
 22616 | Lair:3   | Received a gift from Okawaru
 22751 | Lair:3   | Identified the +1 robe of Complete Protection {rElec rPois
                  | Int+4}
 22903 | Lair:3   | Found the ring of the Tortoise {AC+8}
 22927 | Lair:3   | Found a staircase to the Swamp.
 24089 | Lair:5   | Entered Level 5 of the Lair of Beasts
 24101 | Lair:5   | Received a gift from Okawaru
 24101 | Lair:5   | Found the +5 robe of Night {Dark Will+ SInv}
 25027 | Lair:5   | Found a staircase to the Slime Pits.
 25241 | Lair:5   | Reached skill level 10 in Shields
 25634 | Lair:5   | Received a gift from Okawaru
 25664 | Lair:5   | Identified the +7 long sword "Fepriest" {vorpal, rPois rF+
                  | rN++ Will-}
 25757 | Lair:5   | Reached XP level 15. HP: 144/155 MP: 20/20
 25767 | Lair:5   | Identified the ring of Sarphu Muig {rN+ Will+ Dex+4 Stlth+}
 25797 | Lair:5   | Identified the +2 eveningstar "Rich" {vorpal, Str+9}
                  | (Okawaru gifted it to you on level 5 of the Lair of Beasts)
 25797 | Lair:5   | Received a gift from Okawaru
 26485 | Lair:5   | Reached skill level 20 in Fighting
 26748 | Lair:2   | Identified the +3 short sword "Kosyx" {elec, rPois Dex+3}
 26943 | Lair:2   | Received a gift from Okawaru
 27331 | Orc:1    | Entered Level 1 of the Orcish Mines
 27611 | Orc:2    | Entered Level 2 of the Orcish Mines
 27617 | Orc:2    | Noticed Urug
 27626 | Orc:2    | Killed Urug
 27748 | Orc:1    | Found a large runed translucent door.
 27748 | Orc:1    | Found a large runed translucent door.
 27851 | Orc:1    | Noticed MaxHasHax6295's ghost (journeyman MiBe)
 27882 | Orc:1    | Killed MaxHasHax6295's ghost
 28151 | Orc:2    | Found a staircase to the Elven Halls.
 28168 | Orc:2    | Noticed Snorg
 28181 | Orc:2    | Killed Snorg
 29102 | Orc:2    | Found Getaf's Distillery.
 29131 | Orc:2    | Received a gift from Okawaru
 29142 | Orc:2    | Reached skill level 5 in Throwing
 29151 | Orc:2    | Found Giaxeeca's Antique Weapon Boutique.
 29162 | Orc:2    | Gained mutation: You are clumsy. (Dex -2) [potion of
                  | mutation]
 29162 | Orc:2    | Gained mutation: You are partially covered in iridescent
                  | scales. (AC +2) [potion of mutation]
 29163 | Orc:2    | Lost mutation: You are clumsy. (Dex -2) [potion of
                  | mutation]
 29163 | Orc:2    | Lost mutation: You are partially covered in iridescent
                  | scales. (AC +2) [potion of mutation]
 29163 | Orc:2    | Gained mutation: You are partially covered in iridescent
                  | scales. (AC +2) [potion of mutation]
 29163 | Orc:2    | Gained mutation: You are somewhat resistant to further
                  | mutation. [potion of mutation]
 29393 | Orc:2    | Found Ipsax's Magic Scroll Shop.
 29455 | Orc:2    | Found Asahan's Antique Armour Emporium.
 29458 | Orc:2    | Received a gift from Okawaru
 29496 | Orc:2    | Bought a scroll of blinking for 112 gold pieces
 29518 | Orc:2    | Bought a potion of heal wounds for 55 gold pieces
 29518 | Orc:2    | Bought a potion of heal wounds for 55 gold pieces
 29518 | Orc:2    | Bought a potion of heal wounds for 55 gold pieces
 29780 | Swamp:1  | Entered Level 1 of the Swamp
 29824 | Lair:3   | Received a gift from Okawaru
 31113 | Swamp:1  | Noticed a fenstrider witch
 31125 | Swamp:1  | Killed a fenstrider witch
 31125 | Swamp:1  | Identified the +2 buckler of the Jackalope {rF+ rC+ Int+2
                  | SInv} (Okawaru gifted it to you on level 1 of the Swamp)
 31125 | Swamp:1  | Received a gift from Okawaru
 31180 | Swamp:1  | Reached skill level 1 in Evocations
 31310 | Swamp:2  | Noticed a fenstrider witch
 31327 | Swamp:1  | Killed a fenstrider witch
 31328 | Swamp:1  | Reached skill level 5 in Stealth
 31504 | Swamp:2  | Found a basalt altar of Yredelemnul.
 31860 | Swamp:2  | Reached XP level 16. HP: 147/165 MP: 22/22
 32525 | Swamp:2  | Noticed Jorgrun
 32647 | Swamp:2  | Killed Jorgrun
 33096 | Swamp:2  | Noticed Kirke
 33104 | Swamp:2  | Reached skill level 21 in Fighting
 33105 | Swamp:2  | Noticed a sphinx
 33115 | Swamp:2  | Killed Kirke
 33115 | Swamp:2  | Identified the +0 robe of Untold Secrets {rCorr Stlth+}
                  | (Okawaru gifted it to you on level 2 of the Swamp)
 33115 | Swamp:2  | Received a gift from Okawaru
 35232 | Swamp:3  | Noticed Louise
 35279 | Swamp:3  | Killed Louise
 35280 | Swamp:3  | Reached skill level 10 in Invocations
 35894 | Swamp:4  | Entered Level 4 of the Swamp
 35928 | Swamp:4  | Received a gift from Okawaru
 36021 | Swamp:4  | Noticed Mlioglotl
 36027 | Swamp:4  | Killed Mlioglotl
 36305 | Swamp:4  | Received a gift from Okawaru
 36508 | Swamp:4  | Noticed Mara
 36526 | Swamp:4  | Killed Mara
 36526 | Swamp:4  | Received a gift from Okawaru
 37295 | Swamp:4  | Reached XP level 17. HP: 167/174 MP: 23/23
 37314 | Arena    | Entered the Arena
 37325 | Swamp:4  | Identified the +7 tower shield of Gyny {Rampage rC+ Will+
                  | Dex+3} (Okawaru gifted it to you on level 4 of the Swamp)
 37325 | Swamp:4  | Received a gift from Okawaru
 37385 | Swamp:4  | Reached skill level 5 in Evocations
 37385 | Swamp:4  | Reached XP level 18. HP: 151/182 MP: 24/24
 38592 | Swamp:4  | Got a decaying rune of Zot
 39113 | Vaults:1 | Entered Level 1 of the Vaults
 39172 | Vaults:1 | Found Ushix's Magic Scroll Shop.
 39177 | Vaults:1 | Bought 3 scrolls of blinking for 382 gold pieces
 39177 | Vaults:1 | Bought a scroll of teleportation for 51 gold pieces
 39261 | Vaults:1 | Found a magical portal.
 39283 | WizLab   | Entered Doroklohe's Tomb
 39582 | WizLab   | Noticed a royal mummy
 39592 | Arena    | Entered the Arena
 39598 | Arena    | Killed a royal mummy
 39891 | Arena    | Entered the Arena
 40139 | Vaults:1 | Reached skill level 22 in Fighting
 40209 | Vaults:1 | Identified the +13 crystal plate armour of Surprise {rF+
                  | rC- rN+ Will+} (Okawaru gifted it to you on level 1 of the
                  | Vaults)
 40209 | Vaults:1 | Received a gift from Okawaru
 40670 | Vaults:1 | Noticed Nikola
 40679 | Vaults:1 | Reached skill level 15 in Shields
 40689 | Vaults:1 | Killed Nikola
 40798 | Vaults:1 | Identified the +1 spear of Oscheaziu {vorpal, *Rage Str+5}
 41031 | Vaults:1 | HP: 5/184 [ironbound thunderhulk/bolt of lightning (39)]
 41031 | Vaults:1 | Killed from afar by an ironbound thunderhulk

Illustrated notes

Levels and vault maps discovered:
D:1:      amcnicky_arrival_underground_garden, layout_basic,
          ebering_ecumenical_altar_petrified
D:2:      layout_basic, minmay_pentomino_o4
D:3:      layout_basic
D:4:      layout_cave_pools, serial_column_ruins, column_ruins_columns_dead_end,
          column_ruins_corridor_straight, column_ruins_columns_plus,
          column_ruins_columns_straight, column_ruins_open_medium_water,
          gup_sewer_entry_pipe, ebering_ghost_disaster_area,
          nicolae_ossuary_entry_plus, minmay_liquid_box, uniq_edmund, uniq_ijyb,
          uniq_crazy_yiuf_cottage
D:5:      layout_basic, nicolae_yredelemnul_corpse_copse, uniq_menkaure,
          uniq_sigmund
D:6:      layout_basic, mainiacjoe_overflow_small_starburst, marbit_many_paths,
          overflow_temple_1_default
D:7:      lemuel_ice_spiral_2, layout_rooms, hangedman_ru_absence,
          nemelex_altar_shiori, minmay_temple_entry_poolview,
          ebering_ghost_rock_garden, uniq_prince_ribbit1
D:8:      wad_woods_minihive, layout_basic, serial_shops,
          nicolae_shop_competitors_out_of_business
D:9:      layout_roguey, nicolae_wu_jian_wuxing_cycle,
          gammafunk_temple_overflow_pools, david_lair_shrubbed, enter_bailey_4
D:10:     layout_cave_pods, nzn_hepliaklqana_mist_gate,
          nicolae_uskayaw_dance_hall, uniq_josephine
D:11:     layout_irregular_city, david_orc_5
D:12:     layout_cave_pods, serial_bayou, serial_bayou_shore_b,
          serial_bayou_pond_d, serial_bayou_ford_a, serial_bayou_crossing,
          uniq_sonja
D:13:     layout_rooms
D:14:     layout_irregular_city, erik_vaults_2
D:15:     gammafunk_enter_depths_forms, layout_stronghold, enter_trove_2,
          kennysheep_pointless_box, serial_shops, shop,
          nicolae_shop_behind_doors, nicolae_shop_hallway_stairs,
          minmay_fire_ice_demons
Temple:   minmay_temple_curvy_loop
Lair:1:   layout_gridlike, gauntlet_entry_generic, grunt_megastairs_5,
          infiniplex_staircase_pool, lemuel_fruit_fields
Lair:2:   layout_roguey
Lair:3:   layout_hall_layers, swamp_mist, dummy_snake_entry
Lair:4:   layout_cave_pods, grunt_megastairs_1
Lair:5:   due_jungle_book, layout_cave_pods, slime_entry_1, minivault_25,
          chequers_serial_rivers_room_b, eino_house_with_fridge
Swamp:1:  layout_basic_swamp, evilmike_swamp_ruin_rubble_2, swamp_pool5
Swamp:2:  layout_basic_swamp, evilmike_swamp_ruin_house_5, swamp_pool5,
          grunt_ruined_hall, uniq_jorgrun, uniq_kirke
Swamp:3:  layout_basic_swamp, evilmike_swamp_ruin_rubble_1, uniq_louise
Swamp:4:  swamp_fiery, layout_basic_swamp, swamp_pool3,
          nicolae_swamp_wisp_ring_woods, uniq_mara, uniq_mlioglotl
Orc:1:    layout_caves, ebering_ghost_disaster_area
Orc:2:    hellmonk_orc_salted, layout_diamond_mine, basic_altar, uniq_urug,
          uniq_snorg
Vaults:1: mu_enter_wizlab_6, v_misc_26, ontoclasm_vaults_shuriken,
          vaults_room_stairs_pillars, v_pattern_3,
          vaults_room_grunt_arrival_ludios, layout_vaults_omnicross,
          serial_shops, nicolae_shop_crystal, uniq_nikola

Skill      XL: |  1  2  3  4  5  6  7  8  9 10 11 12 13 14 15 16 17 18 |
---------------+-------------------------------------------------------+-----
Armour         | 4 5 6 7 8 9 10 11 12 13 | 13.5
Fighting       | 4 5 6 15 16 17 18 19 20 21 22 | 22.1
Axes           | 3 |  3.7
Shields        | 4 5 6 7 8 10 11 13 15 | 15.6
Dodging        | 1 2 3 4 5 6 7 8 |  8.1
Maces & Flails | 1 3 5 8 10 12 13 15 16 17 18 19 | 19.4
Invocations    | 2 4 6 7 8 9 10 11 | 11.0
Stealth        | 1 2 3 5 |  5.9
Throwing       | 3 5 6 |  6.5
Evocations     | 1 4 5 6 |  6.2

Action                   |  1- 3 |  4- 6 |  7- 9 | 10-12 | 13-15 | 16-18 || total
-------------------------+-------+-------+-------+-------+-------+-------++-------
Melee: War axe           |    48 |    57 |       |       |     4 |       ||   109
       Headbutt          |     9 |    13 |    32 |    98 |   243 |   215 ||   610
       Flail             |       |    79 |   147 |   422 |   925 |   599 ||  2172
       Dire flail        |       |       |       |       |       |    97 ||    97
Throw: Dart              |       |       |       |     4 |    10 |    16 ||    30
       Javelin           |       |       |       |       |     6 |     5 ||    11
Invok: Heroism           |       |       |       |       |     3 |     3 ||     6
       Finesse           |       |       |       |       |       |     1 ||     1
       Duel              |       |       |       |       |       |     3 ||     3
Evoke: Wand              |       |       |       |     8 |       |     3 ||    11
       Condenser vane    |       |       |       |     1 |       |       ||     1
       Tin of tremorston |       |       |       |       |       |     1 ||     1
  Use: Scroll            |       |     7 |     2 |    19 |     9 |     8 ||    45
       Potion            |       |       |     9 |     4 |     3 |    11 ||    27
 Stab: Invisible         |       |       |     1 |     2 |       |       ||     3
       Distracted        |       |       |       |     4 |    17 |    17 ||    38
       Confused          |       |       |       |       |     2 |       ||     2
       Sleeping          |       |       |       |       |     3 |     2 ||     5
Armor: Scale mail        |    20 |   103 |   109 |   270 |   363 |   313 ||  1178
       Crystal plate arm |       |       |       |       |       |    60 ||    60
Dodge: Dodged            |    34 |    71 |    97 |   234 |   382 |   308 ||  1126
Block: Buckler           |    14 |    34 |    30 |   107 |   246 |   158 ||   589
       Tower shield      |       |       |       |       |       |   262 ||   262
